 Dungeon Crawl Stone Soup version 0.20-a0-555-gf6ae02d (webtiles) character file.

2367 Minion the Chopper (level 9, -2/69 HPs)
             Began as a Human Fighter on Feb 7, 2017.
             Was a Believer of Yredelemnul.
             Shot with a sling bullet by Joseph (12 damage)
             ... on level 7 of the Dungeon.
             The game lasted 00:19:49 (8944 turns).

Minion the Chopper (Human Fighter)                  Turns: 8944, Time: 00:19:50

Health: -2/69      AC: 14    Str: 19    XL:     9   Next: 72%
Magic:  9/9        EV: 13    Int:  8    God:    Yredelemnul [**....]
Gold:   408        SH:  0    Dex: 14    Spells: 8/8 levels left

rFire    . . .     SeeInvis .   m - +1 hand axe of the Eel {flame, +Blink +Inv rPois}
rCold    . . .     Gourm    .   b - +0 scale mail
rNeg     . . .     Faith    .   (no shield)
rPois    +         Spirit   .   o - +2 helmet
rElec    .         Reflect  .   H - +0 cloak
rCorr    .         Harm     .   I - +0 pair of gloves
MR       .....                  j - +0 pair of boots
Stlth    ..........             D - amulet of magic regeneration
Regen    0.3/turn               (no ring)
                                (no ring)

@: no status effects
A: no striking features
a: Animate Remains, Recall Undead Slaves, Injury Mirror, Renounce Religion,
Evoke Blink, Evoke Invisibility


You were on level 7 of the Dungeon.
You worshipped Yredelemnul.
Yredelemnul was pleased with you.
You were hungry.

You visited 2 branches of the dungeon, and saw 8 of its levels.

You collected 408 gold pieces.

Inventory:

Hand Weapons
 a - a +0 long sword
 m - the +1 hand axe of the Eel (weapon) {flame, +Blink +Inv rPois}
   (You found it on level 4 of the Dungeon)

   It has been specially enchanted to burn those struck by it, causing extra
   injury to most foes and up to half again as much damage against particularly
   susceptible opponents.
   Big, fiery blades are also staple armaments of hydra-hunters.
   It protects you from poison.
   It lets you turn invisible.
   It lets you blink.
Armour
 b - a +0 scale mail (worn)
 j - a +0 pair of boots (worn)
 o - a +2 helmet (worn)
 r - a +2 robe
 H - a +0 cloak (worn)
 I - a +0 pair of gloves (worn)
Magical Staves
 F - an uncursed staff of wizardry
Jewellery
 D - an amulet of magic regeneration (around neck)
Wands
 E - a wand of random effects (24/48)
Scrolls
 g - 5 scrolls of remove curse
 i - 6 scrolls of teleportation {unknown}
 k - 4 scrolls of blinking {unknown}
 p - 4 scrolls of identify {unknown}
 s - 2 scrolls of enchant weapon {unknown}
 t - 2 scrolls of amnesia {unknown}
 u - 3 scrolls of enchant armour {unknown}
 y - 2 scrolls of recharging {unknown}
Potions
 c - a potion of haste {unknown}
 d - 3 potions of might
 e - 4 potions of curing
 h - 3 potions of cancellation {unknown}
 n - 2 potions of lignification {unknown}
 q - 2 potions of heal wounds {unknown}
 x - a potion of degeneration {unknown}
 z - a potion of cure mutation {unknown}
 A - a potion of ambrosia {unknown}
 C - 2 potions of beneficial mutation {unknown}
Books
 B - a book of Minor Magic

   Spells                             Type                      Level
   a - Magic Dart                     Conjuration                  1
   b - Blink                          Translocation                2
   c - Call Imp                       Summoning                    2
   d - Repel Missiles                 Charms/Air                   2
   e - Slow                           Hexes                        2
   f - Conjure Flame                  Conjuration/Fire             3
   g - Mephitic Cloud                 Conjuration/Poison/Air       3
Comestibles
 f - 4 bread rations
 l - 4 royal jellies
 v - 4 fruits
 w - 2 meat rations


   Skills:
 + Level 5.7 Fighting
 - Level 5.7 Long Blades
 + Level 6.0 Axes
 + Level 5.7 Armour
 + Level 6.0 Dodging
   Level 3.0 Shields


You had 8 spell levels left.
You didn't know any spells.

Dungeon Overview and Level Annotations

Branches:
Dungeon (7/15)             Temple (1/1) D:7

Altars:
Ashenzari
Fedhas
Hepliaklqana
Makhleb
Qazlal
Sif Muna
Trog
Xom
Yredelemnul

Annotations:
D:4 Lahna's ghost, amateur DsCK
D:7 Joseph


Message History

Joseph barely misses you. The worker ant closely misses you.
The bullfrog releases a deep croak.
You barely miss Joseph.
Joseph is heavily wounded.
You barely miss the worker ant. Joseph hits you with a quarterstaff.
* * * LOW HITPOINT WARNING * * *
The worker ant barely misses you.
You barely miss Joseph.
Joseph is heavily wounded.
You hit the worker ant but do no damage.
The worker ant bites you but does no damage.
Joseph hits you with a quarterstaff!
* * * LOW HITPOINT WARNING * * *
The worker ant bites you.
* * * LOW HITPOINT WARNING * * *
Joseph unwields an uncursed quarterstaff.
Joseph wields a hunting sling.
Joseph shoots a sling bullet.
The sling bullet hits you!
You die...
Your body rises from the dead as a mindless zombie.

#...............#<#+###
#...............#.#....
#...............#(#####
#......)........#..(#
#...............###.###
#.........##.##........
###.........##.######.###
...............######.#
.#######@.....#.......#
#......#.#######
#a@....#.# #F.....#.#
#†.....#.# #.......#.#
#.......#.. #.......###
#.........


You could see Joseph, a bullfrog and a worker ant.

Vanquished Creatures
  Grinder (D:5)
  Prince Ribbit (D:7)
  Eustachio (D:5)
  2 water moccasins
  Duvessa (D:6)
  A black bear (D:6)
  3 centaurs
  A bullfrog (D:6)
  Dowan (D:6)
  2 howler monkeys
  A crimson imp (D:5)
  3 hounds
  2 orc priests (D:4)
  2 bullfrog skeletons
  Jessica (D:3)
  2 centaur skeletons
  5 orc wizards
  4 worker ants
  Natasha (thrice) (D:3)
  A killer bee zombie (D:7)
  A worker ant zombie (D:7)
  Robin (D:3)
  7 gnolls
  11 adders
  2 shadow imps
  An ooze (D:1)
  An adder zombie (D:5)
  2 adder skeletons
  2 worms
  A dart slug (D:1)
  9 leopard geckos
  14 orcs
  6 bats
  A giant cockroach (D:3)
  17 goblins
  11 hobgoblins
  3 jackals (D:3)
  3 quokkas
  2 ball pythons
  6 frilled lizards
  A jackal zombie (D:5)
  6 kobolds
  A quokka zombie (D:6)
  14 rats
  A spectral orc (D:3)
162 creatures vanquished.

Vanquished Creatures (others)
  An orc wizard (D:4)
1 creature vanquished.

Grand Total: 163 creatures vanquished

Notes
Turn   | Place    | Note
-------+----------+-------------------------------------------
     0 | D:1      | Minion the Human Fighter began the quest for the Orb.
     0 | D:1      | Reached XP level 1. HP: 18/18 MP: 1/1
    25 | D:1      | Reached skill level 1 in Dodging
    25 | D:1      | Reached XP level 2. HP: 16/24 MP: 2/2
   525 | D:1      | Reached XP level 3. HP: 29/29 MP: 3/3
  1589 | D:2      | Reached XP level 4. HP: 30/35 MP: 4/4
  2525 | D:1      | Reached XP level 5. HP: 28/41 MP: 5/5
  3063 | D:3      | Found a basalt altar of Yredelemnul.
  3071 | D:3      | Became a worshipper of Yredelemnul the Dark
  3098 | D:3      | Noticed Natasha
  3109 | D:3      | Killed Natasha
  3192 | D:3      | Noticed Natasha
  3198 | D:3      | Killed Natasha
  3198 | D:3      | Reached XP level 6. HP: 46/47 MP: 6/6
  3418 | D:3      | Noticed Jessica
  3429 | D:3      | Killed Jessica
  3429 | D:3      | Reached skill level 5 in Long Blades
  3502 | D:3      | Noticed Robin
  3511 | D:3      | Reached * piety under Yredelemnul
  3524 | D:3      | Killed Robin
  3647 | D:3      | Noticed Natasha
  3661 | D:3      | Killed Natasha
  4109 | D:4      | Got a warped hand axe
  4110 | D:4      | Identified the cursed +1 hand axe of the Eel {flame, +Blink +Inv rPois} (You found it on level 4 of the Dungeon)
  4205 | D:4      | Reached skill level 1 in Axes
  4232 | D:4      | Reached XP level 7. HP: 52/52 MP: 7/7
  4416 | D:4      | Noticed Lahna's ghost (amateur DsCK)
  4461 | D:4      | HP: 2/52 [Lahna's ghost (3)]
  5246 | D:5      | Entered Level 5 of the Dungeon
  5246 | D:5      | Noticed Grinder
  5264 | D:5      | Killed Grinder
  5264 | D:5      | Reached XP level 8. HP: 34/58 MP: 8/8
  5469 | D:5      | Noticed Eustachio
  5508 | D:5      | Killed Eustachio
  5785 | D:5      | Found a hazy altar of Hepliaklqana.
  6277 | D:5      | Reached ** piety under Yredelemnul
  6563 | D:6      | Found a bloodstained altar of Trog.
  6593 | D:6      | Found a blossoming altar of Fedhas.
  6613 | D:6      | Reached skill level 5 in Axes
  6613 | D:6      | Reached XP level 9. HP: 24/66 MP: 9/9
  6997 | D:6      | Noticed Dowan
  6998 | D:6      | Noticed Duvessa
  7025 | D:6      | Killed Duvessa
  7025 | D:6      | Reached skill level 5 in Dodging
  7028 | D:6      | Killed Dowan
  7415 | D:6      | Reached skill level 5 in Armour
  7429 | D:6      | Found a shattered altar of Ashenzari.
  7568 | D:6      | Reached skill level 5 in Fighting
  7695 | D:7      | Noticed Prince Ribbit
  8147 | D:7      | Found a deep blue altar of Sif Muna.
  8147 | D:7      | Found a shimmering altar of Xom.
  8158 | D:7      | Found a staircase to the Ecumenical Temple.
  8284 | Temple   | Entered the Ecumenical Temple
  8631 | D:7      | Killed Prince Ribbit
  8917 | D:7      | Noticed Joseph
  8944 | D:7      | Shot with a sling bullet by Joseph

Vault maps used:
D:1:      onia_arrival_handbag, hangedman_decor_diamond_cutter
D:3:      yredelemnul_forgotten_temple_becter, hangedman_glass_teeth, hex_large,
          uniq_robin, uniq_jessica, uniq_natasha
D:4:      minmay_misc_feat_secret_circle
D:5:      old_standard_altar, first_bread, uniq_grinder, uniq_eustachio
D:6:      overflow_temple_1_default, basic_altar, grunt_ministairs_2,
          grunt_decor_arrowhead, ashenzari_altar_1, uniq_duvessa
D:7:      gammafunk_temple_overflow_elements, minmay_temple_entry_crystal_x,
          the_bakery, uniq_crazy_yiuf_cottage, uniq_joseph, uniq_prince_ribbit1
Temple:   nicolae_temple_hex_pool

Skill      XL: |  1  2  3  4  5  6  7  8  9 |
---------------+----------------------------+-----
Dodging        | 1 2 3 4 6 |  6.0
Long Blades    | 3 4 5 |  5.7
Axes           | 1 4 5 6 |  6.0
Fighting       | 4 5 |  5.7
Armour         | 4 5 |  5.7
Shields        | |  3.0

Action                   |  1- 3 |  4- 6 |  7- 9 || total
-------------------------+-------+-------+-------++-------
Melee: Long sword        |   108 |   199 |       ||   307
       Hand axe          |       |    12 |   465 ||   477
  Use: Scroll            |       |       |     1 ||     1
  Eat: Chunk             |     2 |     8 |    16 ||    26
Armor: Scale mail        |    48 |   114 |   198 ||   360
Dodge: Dodged            |    54 |   137 |   269 ||   460
       Rpst.: Long sword |    19 |    39 |       ||    58
